Map: Abandoned Parish

Players

Boon

  • Race: Terran Terran
  • Spawn Location: 6:00

Wyvern

  • Race: Zerg Zerg
  • League: Silver
  • Spawn Location: 6:00

StevenSeagal

  • Race: Protoss Protoss
  • Spawn Location: 7:00

eSeifer

  • Race: Zerg Zerg
  • Spawn Location: 3:00

Shadowman - Winner!

  • Race: Protoss Protoss
  • Spawn Location: 12:00

Valheru - Winner!

  • Race: Protoss Protoss
  • Spawn Location: 3:00

mirkathecow - Winner!

  • Race: Protoss Protoss
  • Spawn Location: 9:00

Grumm - Winner!

  • Race: Zerg Zerg
  • League: Gold
  • Spawn Location: 12:00

VOD

Have the link to the VOD?

Description

Time

  • Played on: Jan. 13, 2016, 12:57 a.m.
  • Length: 13:23
Show
View Real Time Build Order
Export as new Build Order

Boon Terran 

Build Orders:  

Get SALT Encoding   

  12  0:16  Supply Depot  
  12  0:20  SCV  
  13  0:32  SCV  
  14  0:39  Barracks  
  14  0:44  SCV  
  15  0:56  SCV  
  16  1:08  SCV  
  17  1:20  SCV  
  17  1:22  Refinery  
  18  1:27  Marine  
  18  1:28  Supply Depot  
  19  1:32  SCV  
  20  1:45  SCV  
  20  1:46  Refinery  
  21  1:47  Marine  
  22  1:57  SCV  
  23  2:05  Marine, Barracks  
  24  2:09  SCV  
  25  2:21  SCV  
  26  2:23  Engineering Bay  
  26  2:25  Marine  
  27  2:33  SCV  
  27  2:35  Factory  
  28  2:44  Supply Depot  
  28  2:45  SCV  
  28  2:46  Supply Depot  
  29  2:53  Hi-Sec Auto Tracking  
  29  3:08  Barracks Tech Lab  
  29  3:09  Missile Turret  
  29  3:13  Orbital Command  
  29  3:21  Missile Turret  
  29  3:23  Factory Tech Lab  
  29  3:29  Combat Shields  
  29  3:44  Siege Tank  
  32  3:56  Factory, Marine  
  32  3:57  Marine  
  34  4:16  Siege Tank  
  37  4:23  Marine  
  37  4:24  Marine  
  39  4:49  Factory Tech Lab  
  39  4:50  Marine, Siege Tank  
  39  4:51  Marine  
  44  5:08  Marine  
  44  5:09  Marine  
  46  5:26  Marine x2  
  48  5:53  Siege Tank x2  
  48  5:55  Marine  
  55  6:13  Command Center  
  55  7:02  Marine  
  55  7:21  Marine  
  55  7:22  Siege Tank x2  
  62  7:25  Supply Depot  
  62  7:28  Supply Depot  
  62  7:39  Marine  
  61  7:54  Siege Tank x2  
  61  7:56  Marine  
  61  7:57  Marine  
  69  8:01  SCV  
  70  8:07  Supply Depot  
  70  8:11  Supply Depot  
  70  8:12  Supply Depot  
  70  8:13  SCV  
  70  8:14  Marine  
  70  8:15  Marine  
  70  8:25  SCV  
  70  8:26  Siege Tank  
  48  8:32  Marine  
  48  8:33  Marine  
  49  8:37  SCV  
  45  8:49  SCV  
  45  8:50  Marine  
  32  9:07  Marine  
Show
View Real Time Build Order
Export as new Build Order

Wyvern Zerg 

Build Orders: Pool First 

Get SALT Encoding   

  12  0:02  Drone  
  13  0:13  Drone  
  14  0:28  Spawning Pool  
  13  0:34  Drone  
  14  0:39  Overlord  
  14  0:52  Extractor  
  14  0:54  Drone x2, Extractor  
  14  1:12  Drone  
  14  1:13  Drone  
  14  1:16  Queen  
  18  1:19  Zergling x2  
  19  1:35  Roach Warren  
  18  1:41  Zergling x2  
  18  1:45  Zergling x2  
  20  1:57  Zergling x2  
  21  2:04  Overlord  
  21  2:37  Zergling x8  
  21  2:38  Zergling x2  
  21  2:42  Drone  
  27  2:53  Roach  
  28  3:37  Roach  
  30  3:41  Overlord  
  30  3:42  Overlord x2  
  30  3:51  Overlord  
  27  4:47  Roach x3  
  27  4:48  Roach x2  
  34  5:01  Roach  
  32  5:34  Drone x2  
  32  5:35  Drone  
  35  5:39  Lair  
  35  5:50  Hatchery  
  35  5:53  Drone  
  35  5:54  Drone x2  
  27  6:24  Overlord x3  
  27  6:41  Spine Crawler, Overseer  
  27  6:42  Overseer  
  27  6:43  Overseer  
  27  6:44  Overseer  
  26  6:48  Drone  
  26  6:49  Drone  
  28  6:55  Spire  
  27  7:08  Drone  
  27  7:09  Queen  
  28  7:30  Drone x2  
  30  7:47  Queen  
  32  8:02  Extractor  
  32  8:04  Drone x3, Extractor  
  33  8:16  Mutalisk  
  33  8:17  Mutalisk x3  
  41  8:22  Hatchery  
  40  8:49  Mutalisk  
  40  8:50  Mutalisk x3  
  48  8:57  Hydralisk Den  
  47  9:05  Mutalisk x4  
  51  9:20  Mutalisk x3  
  57  9:27  Mutalisk  
  57  9:49  Mutalisk x5  
  57  9:50  Mutalisk  
  63  9:56  Hydralisk  
  53  10:12  Mutalisk  
  53  10:13  Mutalisk x5  
  53  10:14  Hydralisk  
  61  10:17  Queen  
  61  10:18  Drone  
  66  10:22  Spore Crawler x2  
  66  10:26  Drone  
  65  10:30  Drone  
  66  10:40  Hydralisk x4  
  66  10:41  Mutalisk  
  65  11:24  Mutalisk x3  
  65  11:25  Hydralisk, Mutalisk x4  
  69  11:26  Hydralisk x2  
  20  12:13  Queen  
  20  12:14  Mutalisk  
  20  12:15  Mutalisk x2  
  25  12:21  Spine Crawler x2  
  25  12:23  Spine Crawler, Spore Crawler  
  25  12:24  Spore Crawler  
  25  12:26  Spine Crawler x2  
  25  12:28  Spore Crawler x2  
  25  12:29  Spine Crawler, Spore Crawler  
  16  12:30  Spine Crawler x3  
  16  12:32  Spine Crawler  
Show
View Real Time Build Order
Export as new Build Order

StevenSeagal Protoss 

Build Orders:  

Get SALT Encoding   

  12  0:07  Probe (Chrono Boost)  
  13  0:18  Probe (Chrono Boost)  
  15  0:28  Probe (Chrono Boost)  
  15  0:29  Pylon  
  15  0:47  Probe (Chrono Boost)  
  15  0:49  Gateway  
  16  0:55  Forge  
  16  1:00  Probe (Chrono Boost)  
  17  1:05  Assimilator  
  17  1:10  Probe (Chrono Boost)  
  18  1:20  Pylon  
  18  1:21  Probe (Chrono Boost)  
  19  1:34  Probe (Chrono Boost)  
  19  1:35  Assimilator  
  20  1:40  Cybernetics Core  
  20  2:13  Pylon  
  20  2:21  Photon Cannon  
  20  2:31  Warp Gate  
  20  2:33  Adept  
  22  2:43  Probe (Chrono Boost)  
  23  2:47  Gateway  
  23  3:00  Adept  
  25  3:12  Pylon  
  25  3:27  Protoss Ground Weapons Level 1  
  25  3:31  Nexus  
  25  3:45  Adept  
  25  3:47  Probe (Chrono Boost)  
  28  3:52  Pylon  
  28  3:54  Adept  
  30  3:58  Probe (Chrono Boost)  
  30  4:01  Assimilator  
  31  4:05  Assimilator  
  31  4:08  Pylon, Probe (Chrono Boost)  
  30  4:18  Photon Cannon  
  30  4:19  Probe (Chrono Boost)  
  29  4:36  Mothership Core (Chrono Boost)  
  31  4:45  Stalker  
  25  4:46  Stalker  
  8  5:08  Probe (Chrono Boost)  
  9  5:19  Probe (Chrono Boost)  
  9  5:30  Probe (Chrono Boost)  
  10  5:40  Probe (Chrono Boost)  
  11  5:51  Probe (Chrono Boost)  
  12  6:01  Probe (Chrono Boost)  
  13  6:04  Photon Cannon  
Show
View Real Time Build Order
Export as new Build Order

eSeifer Zerg 

Build Orders: Pool First 

Get SALT Encoding   

  12  0:08  Drone  
  12  0:09  Drone  
  14  0:18  Overlord  
  14  0:33  Extractor  
  13  0:37  Drone x2  
  15  0:44  Drone  
  16  0:54  Spawning Pool  
  15  0:59  Drone  
  16  1:04  Drone  
  17  1:14  Drone  
  18  1:25  Drone  
  19  1:46  Drone  
  20  1:48  Hatchery  
  20  1:49  Queen  
  20  1:51  Overlord  
  21  2:03  Extractor  
  20  2:09  Drone  
  20  2:12  Overlord  
  21  2:35  Roach Warren  
  20  2:37  Evolution Chamber  
  20  2:41  Evolution Chamber  
  18  2:49  Drone x3  
  21  3:00  Queen  
  21  3:04  Queen  
  25  3:16  Drone x2  
  25  3:17  Drone  
  28  3:26  Drone  
  28  3:27  Drone  
  30  3:32  Drone  
  31  3:49  Lair  
  31  3:52  Zerg Melee Weapons Level 1  
  31  3:54  Zerg Ground Armor Level 1  
  31  4:00  Drone x2  
  33  4:03  Drone  
  34  4:29  Drone x3  
  34  4:30  Drone x2  
  39  4:35  Overlord  
  39  4:36  Overlord x3  
  39  4:42  Pneumatized Carapace  
  39  4:57  Glial Reconstitution  
  39  5:02  Burrow  
  39  5:17  Roach x6  
  51  5:35  Extractor  
  50  5:38  Drone x2  
  50  5:39  Drone x6  
  50  5:40  Extractor  
  57  5:51  Overlord x4  
  57  6:01  Zerg Melee Weapons Level 2  
  57  6:03  Zerg Ground Armor Level 2  
  57  6:09  Roach x2  
  57  6:10  Roach x2  
  65  6:31  Spore Crawler  
  64  6:38  Drone x2, Spore Crawler  
  65  6:46  Spore Crawler  
  64  6:50  Drone x2  
  64  6:51  Drone x3, Spore Crawler  
  68  6:59  Drone  
  69  7:15  Tunneling Claws  
  69  7:18  Roach x5  
  69  7:19  Roach x2  
  83  7:34  Drone, Infestation Pit  
  83  8:14  Roach x2  
  83  8:15  Roach x4  
  83  8:17  Hive  
  95  8:23  Roach x2  
  95  8:24  Roach x4  
  77  9:04  Drone x7  
  84  9:12  Roach x3  
Show
View Real Time Build Order
Export as new Build Order

Shadowman Protoss - Winner!

Build Orders:  

Get SALT Encoding   

  12  0:47  Probe (Chrono Boost)  
  13  0:56  Pylon  
  13  0:57  Probe (Chrono Boost)  
  13  1:03  Pylon  
  14  1:08  Probe (Chrono Boost)  
  16  1:18  Probe (Chrono Boost)  
  16  1:26  Nexus  
  16  1:29  Probe (Chrono Boost)  
  17  1:51  Forge  
  17  1:54  Assimilator  
  17  1:58  Probe (Chrono Boost)  
  17  1:59  Assimilator  
  18  2:09  Probe (Chrono Boost)  
  18  2:12  Gateway  
  18  2:15  Pylon  
  19  2:28  Pylon, Probe (Chrono Boost)  
  20  2:38  Probe (Chrono Boost)  
  21  2:46  Probe (Chrono Boost), Gateway  
  21  2:49  Probe (Chrono Boost)  
  23  2:56  Assimilator  
  23  2:57  Probe (Chrono Boost)  
  24  2:58  Assimilator  
  24  2:59  Zealot  
  24  3:00  Probe (Chrono Boost)  
  27  3:07  Probe (Chrono Boost)  
  27  3:08  Cybernetics Core  
  27  3:11  Probe (Chrono Boost)  
  29  3:26  Probe x2 (Chrono Boost)  
  32  3:48  Probe x2 (Chrono Boost)  
  33  3:59  Probe x2 (Chrono Boost)  
  35  4:03  Pylon  
  35  4:07  Pylon  
  35  4:09  Probe (Chrono Boost)  
  37  4:10  Probe (Chrono Boost)  
  37  4:11  Pylon  
  37  4:13  Zealot  
  37  4:14  Zealot  
  41  4:22  Probe x2 (Chrono Boost)  
  43  4:28  Stargate  
  43  4:40  Zealot  
  43  4:41  Zealot  
  43  4:42  Gateway  
  43  4:45  Gateway  
  47  4:47  Gateway  
  45  4:56  Probe x2 (Chrono Boost)  
  47  5:16  Stargate, Zealot x2  
  47  5:17  Stargate  
  51  5:28  Stargate  
  51  5:32  Pylon  
  55  5:38  Probe x2 (Chrono Boost)  
  57  5:48  Probe x2 (Chrono Boost)  
  59  5:58  Void Ray  
  59  5:59  Void Ray, Probe x2 (Chrono Boost)  
  59  6:02  Void Ray  
  69  6:07  Pylon x2  
  69  6:16  Void Ray  
  73  6:53  Void Ray  
  73  6:54  Void Ray  
  81  6:58  Void Ray  
  81  7:00  Zealot  
  81  7:01  Zealot x3  
  91  7:02  Zealot  
  95  7:16  Void Ray  
  99  7:25  Cybernetics Core  
  99  7:39  Pylon  
  99  7:43  Fleet Beacon  
  99  8:03  Protoss Air Weapons Level 1, Protoss Air Armor Level 1  
  99  8:14  Pylon, Zealot x3  
  99  8:15  Twilight Council, Zealot x2  
  83  10:00  Carrier x4  
  99  10:13  Robotics Facility x2  
  95  10:30  Probe x2 (Chrono Boost), Nexus  
  95  10:32  Protoss Air Weapons Level 2 (Chrono Boost)  
  95  10:33  Assimilator  
  97  10:38  Assimilator  
  97  10:40  Mothership Core (Chrono Boost)  
  97  10:42  Graviton Catapult (Chrono Boost)  
  95  10:52  Protoss Air Armor Level 2 (Chrono Boost)  
  95  10:56  Probe  
  96  11:01  Observer, Probe  
  104  11:41  Probe x2  
  104  11:42  Probe  
  107  11:54  Probe x2  
  109  11:59  Anion Pulse-Crystals  
  109  12:14  Probe  
  110  12:19  Observer  
  110  12:20  Observer  
Show
View Real Time Build Order
Export as new Build Order

Valheru Protoss - Winner!

Build Orders:  

Get SALT Encoding   

  12  0:03  Probe (Chrono Boost)  
  13  0:13  Probe (Chrono Boost)  
  14  0:24  Probe (Chrono Boost)  
  14  0:26  Pylon  
  15  0:46  Gateway  
  15  0:53  Pylon  
  15  0:55  Probe (Chrono Boost)  
  16  1:05  Probe (Chrono Boost)  
  17  1:16  Probe (Chrono Boost)  
  17  1:17  Gateway  
  18  1:21  Assimilator  
  18  1:25  Pylon  
  18  1:27  Probe (Chrono Boost)  
  19  1:33  Zealot  
  19  1:38  Probe (Chrono Boost)  
  22  1:44  Cybernetics Core  
  22  1:51  Pylon  
  22  1:54  Probe (Chrono Boost)  
  23  2:09  Forge  
  23  2:15  Zealot  
  25  2:18  Probe (Chrono Boost)  
  25  2:21  Warp Gate (Chrono Boost)  
  26  2:28  Assimilator  
  26  2:33  Probe  
  27  2:45  Photon Cannon  
  27  2:51  Photon Cannon  
  27  2:54  Photon Cannon  
  27  3:02  Photon Cannon  
  27  3:04  Stalker  
  29  3:06  Stalker  
  29  3:08  Probe  
  32  3:20  Probe  
  33  3:27  Gateway  
  33  3:31  Gateway  
  33  3:48  Pylon  
  33  4:07  Nexus  
  33  4:15  Pylon  
  33  4:23  Zealot x2  
  37  4:35  Photon Cannon  
  37  4:43  Robotics Facility  
  37  4:48  Pylon  
  37  5:01  Zealot x2  
  37  5:04  Zealot  
  43  5:09  Probe  
  44  5:31  Probe  
  44  5:33  Probe  
  46  5:40  Robotics Bay  
  46  5:42  Probe  
  46  5:45  Probe  
  48  5:56  Pylon  
  48  6:02  Pylon  
  48  6:04  Stalker x2  
  48  6:05  Stalker  
  54  6:26  Probe  
  54  6:27  Probe  
  56  6:36  Probe, Extended Thermal Lance  
  56  6:39  Probe  
  58  6:41  Colossus  
  64  6:47  Probe  
  64  6:51  Probe  
  66  7:24  Nexus  
  66  7:28  Pylon  
  66  7:44  Colossus  
  72  7:51  Robotics Facility  
  72  7:53  Zealot x4  
  80  8:06  Photon Cannon  
  80  8:09  Photon Cannon  
  80  8:15  Assimilator  
  80  8:21  Assimilator  
  71  8:34  Protoss Ground Weapons Level 1  
  71  8:40  Stalker x2  
  75  8:41  Stalker x2  
  75  8:45  Colossus (Chrono Boost)  
  75  8:48  Observer (Chrono Boost)  
  86  9:05  Stalker  
  86  9:06  Stalker x2  
  86  9:07  Stalker  
  76  9:46  Stalker x2  
  76  9:47  Stalker  
  76  9:48  Stalker  
  78  10:09  Twilight Council  
  78  10:18  Zealot x4  
  86  10:30  Assimilator  
  86  10:40  Gateway  
  86  10:42  Gateway  
  86  10:43  Gateway  
  86  10:44  Gateway  
  86  10:53  Stalker  
  86  10:54  Stalker x2  
  86  10:55  Stalker  
  94  11:00  Colossus (Chrono Boost)  
  94  11:04  Colossus (Chrono Boost)  
  106  11:22  Stalker  
  106  11:23  Stalker x2  
  106  11:24  Stalker  
  108  11:50  Stalker  
  108  11:51  Stalker x2  
  108  11:54  Zealot  
  116  12:21  Stalker x3  
  122  12:22  Stalker  
  122  12:29  Pylon  
  124  12:31  Pylon  
  124  12:33  Pylon  
  124  12:35  Pylon  
  124  12:36  Pylon  
  124  12:59  Stalker  
  124  13:01  Stalker x3  
  124  13:02  Stalker  
Show
View Real Time Build Order
Export as new Build Order

mirkathecow Protoss - Winner!

Build Orders: Dark Templar Rush 

Get SALT Encoding   

  12  0:11  Pylon  
  12  0:14  Probe (Chrono Boost)  
  13  0:26  Probe (Chrono Boost)  
  14  0:33  Gateway  
  14  0:40  Assimilator  
  14  0:45  Probe (Chrono Boost)  
  15  0:55  Pylon  
  15  1:03  Probe (Chrono Boost)  
  16  1:24  Cybernetics Core  
  16  1:25  Assimilator  
  16  1:30  Gateway  
  16  1:33  Probe (Chrono Boost)  
  17  1:44  Probe (Chrono Boost)  
  18  1:55  Probe (Chrono Boost)  
  18  2:01  Warp Gate (Chrono Boost)  
  19  2:06  Mothership Core  
  21  2:14  Pylon  
  21  2:24  Twilight Council  
  21  2:43  Pylon  
  21  3:07  Dark Shrine  
  20  3:30  Gateway  
  20  3:45  Probe (Chrono Boost)  
  21  3:55  Probe (Chrono Boost), Stalker x2  
  26  4:21  Dark Templar  
  26  4:22  Dark Templar  
  30  4:31  Dark Templar  
  28  5:05  Dark Templar  
  28  5:06  Dark Templar  
  32  5:08  Stalker  
Show
View Real Time Build Order
Export as new Build Order

Grumm Zerg - Winner!

Build Orders: 3 Hatch before Pool 

Get SALT Encoding   

  12  0:03  Drone  
  13  0:09  Drone  
  14  0:19  Overlord  
  14  0:44  Hatchery  
  14  0:48  Drone  
  14  0:50  Drone  
  14  0:54  Drone  
  16  1:04  Drone  
  17  1:33  Hatchery  
  17  1:35  Spawning Pool  
  17  1:37  Drone  
  16  1:44  Drone x2  
  18  2:00  Extractor  
  18  2:01  Drone x3, Extractor  
  19  2:07  Overlord  
  19  2:16  Drone  
  20  2:28  Zergling x4  
  22  2:35  Spore Crawler  
  21  2:37  Roach Warren  
  21  2:39  Drone  
  21  2:54  Drone  
  22  3:07  Spine Crawler  
  21  3:15  Drone  
  21  3:16  Drone  
  23  3:28  Zergling x2  
  23  3:29  Zergling x6  
  23  3:32  Zergling x2  
  26  3:43  Queen  
  28  3:54  Roach x2  
  29  3:57  Roach  
  29  4:06  Spine Crawler  
  28  4:14  Roach x2  
  25  4:28  Lair  
  24  4:38  Roach  
  24  4:39  Roach x2  
  24  4:51  Roach x2  
  24  4:52  Drone  
  27  5:19  Drone  
  27  5:20  Drone x8  
  36  5:40  Zergling x2  
  36  5:41  Zergling x10  
  42  5:43  Metabolic Boost  
  42  5:58  Overlord x2  
  40  6:18  Drone x3  
  40  6:19  Drone x6  
  40  6:22  Extractor  
  40  6:24  Extractor  
  46  6:46  Queen  
  48  6:47  Queen  
  48  6:53  Hydralisk Den  
  49  6:54  Nydus Network  
  49  6:58  Drone x4, Evolution Chamber  
  49  6:59  Evolution Chamber, Drone  
  51  7:02  Overlord  
  51  7:28  Drone x3  
  51  7:29  Drone  
  55  7:33  Hydralisk  
  55  7:34  Hydralisk x4  
  65  7:42  Zerg Missile Weapons Level 1  
  65  7:43  Zerg Ground Armor Level 1  
  62  8:06  Overlord x3  
  62  8:07  Drone  
  62  8:08  Drone x3  
  62  8:11  Nydus Canal  
  66  8:16  Overlord x2  
  66  8:17  Overlord  
  66  8:48  Zergling x18  
  75  8:59  Hydralisk x3  
  81  9:18  Nydus Canal  
  81  9:28  Hydralisk  
  81  9:29  Hydralisk x8  
  99  9:48  Hydralisk  
  99  9:49  Overlord x4  
  101  9:59  Hydralisk x5  
  102  10:00  Hydralisk  
  111  10:26  Zergling x12  
  111  10:27  Zergling x14  
  123  11:13  Zergling x2  
  123  11:14  Zergling x26  
  123  11:15  Zergling x8  
  120  11:52  Zergling x2  
  120  11:53  Zergling x22  
  109  12:13  Extractor  
  106  12:16  Extractor  
  105  12:44  Hydralisk  
  105  12:45  Hydralisk x14  
  135  13:18  Infestation Pit  
Tags
 
Add a new tag
Caveats
  • Supply blocks, unpowered buildings, or Contaminate may cause inaccurate times.
  • Supply counts are checked every 10 seconds.